 Dungeon Crawl Stone Soup version 0.23-a0-639-ga9a3373 (webtiles) character file.

8688 GroovyGamera the Fighter (level 11, -11/73 HPs)
             Began as a Gargoyle Fighter on Dec 29, 2018.
             Was a Believer of Makhleb.
             Mangled by a large abomination (18 damage)
             ... on level 1 of the Abyss.
             The game lasted 00:24:56 (8943 turns).

GroovyGamera the Fighter (Gargoyle Fighter)         Turns: 8943, Time: 00:24:57

Health: -11/73     AC: 28    Str: 19 (20) XL:     11   Next: 34%
Magic:  24/24      EV:  6    Int: 13 (14) God:    Makhleb [**....]
Gold:   388        SH:  0    Dex:  7 (9)  Spells: 10/10 levels left

rFire    x . .     SeeInvis .   E - +11 battleaxe of Contradiction {drain, +Fly Int+2}
rCold    + . .     Gourm    .   (shield currently unavailable)
rNeg     + . .     Faith    .   G - +3 plate armour
rPois    ∞         Spirit   .   z - +0 helmet
rElec    +         Reflect  .   r - +1 cloak
rCorr    .         Harm     .   J - +0 pair of gloves
MR       .....                  (no boots)
Stlth    ..........             (no amulet)
HPRegen  0.22/turn              d - ring of magical power
MPRegen  0.19/turn              a - ring of ice

@: no status effects
A: [deterioration 2], negative energy resistance 1, electricity resistance,
unbreathing, petrification resistance, [no potion heal 3], rot immunity, AC +8
a: Minor Destruction, Renounce Religion, Evoke Flight


You were on level 1 of the Abyss.
You worshipped Makhleb.
Makhleb was pleased with you.
You were not hungry.

You visited 2 branches of the dungeon, and saw 11 of its levels.
You visited the Abyss 1 time.

You collected 660 gold pieces.
You spent 272 gold pieces at shops.

Inventory:

Hand Weapons
 h - a +0 hand crossbow of velocity
 B - a +1 whip of flaming
 E - the +11 battleaxe of Contradiction (weapon) {drain, +Fly Int+2}
   (You bought it in a shop on level 7 of the Dungeon)

   A truly terrible weapon, it drains the life of those it strikes.
   It affects your intelligence (+2).
   It lets you fly.
 F - the +6 morningstar of Infection {antimagic, rC- Str+4 Dex+4, unknown}
   (You found it on level 9 of the Dungeon)

   It reduces the magical energy of the wielder, and disrupts the spells and
   magical abilities of those hit.
   Natural abilities and divine invocations are not affected.
   It affects your strength (+4).
   It affects your dexterity (+4).
   It makes you vulnerable to cold.
 L - a +6 hand axe of electrocution
Missiles
 A - 34 bolts
 N - 3 throwing nets (quivered)
Armour
 c - a +0 shield
 r - a +1 cloak (worn)
 z - a +0 helmet (worn)
 G - a +3 plate armour (worn)
 J - a +0 pair of gloves (worn)
Jewellery
 a - a ring of ice (right hand)
 d - a ring of magical power (left hand)
Wands
 b - a wand of digging (5)
 t - a wand of clouds (5)
 v - a wand of flame (21)
 H - a wand of disintegration (35)
Scrolls
 g - 4 scrolls of identify
 i - a scroll of enchant armour
 j - a scroll of teleportation
 k - a scroll of magic mapping
 o - 3 scrolls of remove curse
 q - a scroll of fog {unknown}
 u - 4 scrolls of amnesia
 x - 4 scrolls of enchant weapon {unknown}
 y - a scroll of immolation {unknown}
 C - 2 scrolls of blinking
 I - a scroll of fear {unknown}
 K - a scroll of torment {unknown}
Potions
 e - 2 potions of magic
 l - a potion of lignification
 m - a potion of heal wounds
 n - 2 potions of haste
 p - a potion of mutation
 s - 3 potions of curing
 w - a potion of ambrosia
 D - 2 potions of might
 M - 2 potions of brilliance {unknown}
 O - a potion of flight {unknown}
Comestibles
 f - 18 rations


   Skills:
 + Level 10.9 Fighting
 * Level 10.8 Axes
 - Level 6.2 Armour
 - Level 6.1 Shields
 + Level 5.6 Invocations


You had 10 spell levels left.
You didn't know any spells.
Your spell library contained the following spells:

 Spells                   Type           Power        Failure   Level  Hunger
 Swiftness                Chrm/Air       #.......     100%        2    ###....
 Static Discharge         Conj/Air       #.......     100%        3    ####...
 Alistair's Intoxication  Tmut/Pois      #.......     100%        5    ######.


Dungeon Overview and Level Annotations

Branches:
Dungeon (10/15)            Temple (1/1) D:4
   Lair: D:8-11         Orc: D:9-12

Altars:
Ashenzari
Cheibriados
Dithmenos
Elyvilon
Fedhas
Gozag
Hepliaklqana
Kikubaaqudgha
Makhleb
Nemelex Xobeh
Okawaru
Qazlal
Ru
Sif Muna
Trog
Uskayaw
Vehumet
Wu Jian
Xom
Yredelemnul
Zin
The Shining One
Beogh

Shops:
D:7 (   D:9 *

Annotations:
D:6 1 runed door
D:10 Erica, Sonja


Innate Abilities, Weirdness & Mutations

You are resistant to torment.
Your stone body is resilient. (AC +8)
You are immune to poison.
You resist negative energy. (rN+)
You are resistant to electric shocks. (rElec)
You can survive without breathing.
You are immune to petrification.
You are immune to rotting.
[Your body often deteriorates upon taking damage.]
[Potions cannot restore your health.]


Message History

The large abomination hits you but does no damage.
You slash the large abomination!
The large abomination is moderately damaged.
The large abomination barely misses you.
You hit the large abomination.
The large abomination is heavily damaged.
The large abomination hits you.
* * * LOW HITPOINT WARNING * * *
You slash the large abomination!
The large abomination is severely damaged.
The large abomination barely misses you.
You hit the large abomination but do no damage.
The large abomination is severely damaged.
The large abomination hits you!
* * * LOW HITPOINT WARNING * * *
You barely miss the large abomination.
The large abomination is severely damaged.
An ancient zyme comes into view.
The large abomination hits you!!
You die...

# # .#.#
###..# ##
######@...#
#..
.##.#X#.....x
#. #......#
###.. ##.
.....# #
..###...#
#.#.####.#.#
#. . . .# ##
#... ...
#.#.. #


You could see an ancient zyme (wandering) and a large abomination.

Vanquished Creatures
  Harold (D:9)
  A wretched star (Abyss:1)
  Pikel (D:6)
  A centaur skeleton (D:7)
  A queen bee (D:9)
  2 hippogriffs
  4 yaks (D:9)
  2 ynoxinuls (Abyss:1)
  Grum (D:9)
  4 orc warriors (D:8)
  A black bear (D:6)
  Duvessa (D:6)
  4 sky beasts
  3 slaves (D:6)
  A large abomination (Abyss:1)
  2 phantoms
  4 ice beasts
  6 ogres
  2 wolves (D:9)
  2 centaurs
  4 bullfrogs
  A gnoll sergeant (D:7)
  A wyvern zombie (D:7)
  Dowan (D:6)
  2 scorpions (D:8)
  2 small abominations (Abyss:1)
  18 killer bees
  2 howler monkeys (D:10)
  7 crimson imps
  An orc priest (D:8)
  4 hounds
  4 bullfrog skeletons
  A jelly (D:5)
  2 orc wizards
  Crazy Yiuf (D:3)
  Jessica (D:2)
  7 worker ants
  A hound skeleton (D:8)
  Robin (D:4)
  4 gnolls (D:7)
  9 adders
  A shadow imp (D:5)
  5 adder skeletons
  4 worms
  A dart slug (D:2)
  2 leopard geckos (D:4)
  35 orcs
  4 giant cockroaches
  15 goblins
  15 hobgoblins
  8 jackals (D:2)
  3 quokkas
  2 ball pythons (D:1)
  8 bats
  4 frilled lizards
  A jackal skeleton (D:5)
  6 kobolds
  A quokka skeleton (D:8)
  7 rats
240 creatures vanquished.

Notes
Turn   | Place    | Note
-------+----------+-------------------------------------------
     0 | D:1      | GroovyGamera the Gargoyle Fighter began the quest for the
                  | Orb.
     0 | D:1      | Reached XP level 1. HP: 14/14 MP: 1/1
   295 | D:1      | You fall through a shaft!
   336 | D:2      | Reached XP level 2. HP: 16/19 MP: 2/2
   516 | D:2      | Reached XP level 3. HP: 24/24 MP: 3/3
   659 | D:2      | You fall through a shaft!
   690 | D:3      | Reached XP level 4. HP: 24/29 MP: 4/4
   781 | D:3      | Reached XP level 5. HP: 20/34 MP: 5/5
   869 | D:2      | Noticed Jessica
   883 | D:2      | Killed Jessica
  2498 | D:3      | Found a runed door.
  2502 | D:3      | Noticed Crazy Yiuf
  2506 | D:3      | Killed Crazy Yiuf
  2506 | D:3      | Reached skill level 5 in Armour
  2506 | D:3      | Reached XP level 6. HP: 28/40 MP: 2/6
  2754 | D:4      | Reached skill level 5 in Shields
  2757 | D:4      | Reached skill level 5 in Fighting
  2937 | D:4      | Found a staircase to the Ecumenical Temple.
  2946 | Temple   | Entered the Ecumenical Temple
  2983 | D:4      | Noticed a phantom
  2991 | D:4      | Noticed Robin
  2992 | D:4      | Noticed a sky beast
  3020 | D:4      | Reached XP level 7. HP: 15/45 MP: 7/7
  3023 | D:4      | Killed Robin
  3559 | D:5      | Entered Level 5 of the Dungeon
  3678 | D:5      | Reached XP level 8. HP: 48/52 MP: 8/8
  3947 | D:5      | Found a shimmering altar of Xom.
  4070 | D:5      | Paralysed by a crimson imp for 5 turns
  4334 | D:6      | Found a glowing silver altar of Zin.
  4336 | D:6      | Found a runed door.
  4336 | D:6      | Noticed an angel
  4601 | D:6      | Reached skill level 5 in Axes
  4709 | D:6      | Noticed Duvessa
  4710 | D:6      | Noticed Dowan
  4722 | D:6      | Killed Duvessa
  4725 | D:6      | Killed Dowan
  4725 | D:6      | Reached XP level 9. HP: 59/59 MP: 9/9
  4850 | D:6      | Found a shadowy altar of Dithmenos.
  4853 | D:6      | Found a glowing silver altar of Zin.
  4856 | D:6      | Found a burning altar of Makhleb.
  4860 | D:6      | Became a worshipper of Makhleb the Destroyer
  4866 | D:6      | Found a glowing golden altar of the Shining One.
  5209 | D:6      | Noticed Pikel
  5229 | D:6      | Killed Pikel
  5670 | D:7      | Found Poxug's Antique Weapon Shoppe.
  5681 | D:7      | Bought a smoking battleaxe for 218 gold pieces
  5903 | D:7      | Identified the +11 battleaxe of Contradiction {drain, +Fly
                  | Int+2} (You bought it in a shop on level 7 of the Dungeon)
  5923 | D:7      | Found a sacrificial altar of Ru.
  6184 | D:7      | Reached XP level 10. HP: 60/66 MP: 10/10
  6242 | D:8      | Reached skill level 1 in Invocations
  6243 | D:8      | Reached * piety under Makhleb
  6374 | D:8      | Identified the Handbook of Shifting Air
  6421 | D:8      | Found an opulent altar of Gozag.
  6717 | D:8      | Found a roughly hewn altar of Beogh.
  7312 | D:9      | Got a polished morningstar
  7369 | D:9      | Found a basalt altar of Yredelemnul.
  7387 | D:9      | Found Lylenweu's General Store.
  7393 | D:9      | Bought a +0 pair of gloves for 54 gold pieces
  7495 | D:9      | Reached skill level 10 in Fighting
  7498 | D:9      | Reached ** piety under Makhleb
  7514 | D:9      | Reached skill level 10 in Axes
  7735 | D:9      | Noticed Harold
  7756 | D:9      | Killed Harold
  7756 | D:9      | Reached XP level 11. HP: 53/73 MP: 14/14
  7939 | D:9      | Noticed Grum
  7953 | D:9      | Killed Grum
  7953 | D:9      | Reached skill level 5 in Invocations
  8367 | D:10     | Entered Level 10 of the Dungeon
  8367 | D:10     | Noticed Erica
  8525 | D:10     | Noticed Sonja
  8591 | D:10     | Cast into level 1 of the Abyss (Sonja)
  8705 | Abyss:1  | Noticed a worldbinder
  8795 | Abyss:1  | Noticed a wretched star
  8812 | Abyss:1  | Killed a wretched star
  8822 | Abyss:1  | Noticed a thrashing horror
  8836 | Abyss:1  | Noticed a starcursed mass
  8943 | Abyss:1  | Mangled by a large abomination

Vault maps used:
D:1:      minmay_arrival_widening_spiral_wide
D:2:      first_ration, uniq_jessica
D:3:      serial_glass, glass_columns_a, glass_columns_c,
          uniq_crazy_yiuf_cottage
D:4:      minmay_temple_entry_overgrown, uniq_robin
D:5:      led_xom_imps
D:6:      grunt_temple_overflow_cloverleaf, lemuel_angel_altar, uniq_duvessa,
          uniq_pikel
D:7:      old_standard_altar, serial_shops, shop
D:8:      nicolae_gozag_seed_capital, special_room, nicolae_benzene_ring
D:9:      yredelemnul_altar_generic, serial_shops, shop_statue,
          serial_co_window_serial, co_window_corner_a, co_window_paths_a,
          co_window_of_opportunity_a, co_window_corner_a, co_window_paths_a,
          co_window_corner_ca, co_window_of_opportunity_c, co_window_broadway_c,
          co_window_unsneaky_path_d, co_window_of_opportunity_b,
          co_window_broadway_b, glass_columns_a, glass_columns_c,
          david_nohive_1, hangedman_decor_riveting, uniq_grum, uniq_harold
D:10:     uniq_sonja, uniq_erica
Temple:   nicolae_temple_no_exploring_needed

Skill      XL: |  1  2  3  4  5  6  7  8  9 10 11 |
---------------+----------------------------------+-----
Armour         | 4 5 6 |  6.2
Shields        | 4 5 6 |  6.1
Fighting       | 4 5 6 7 9 10 | 10.9
Axes           | 3 5 8 10 | 10.8
Invocations    | 4 5 |  5.6

Action                   |  1- 3 |  4- 6 |  7- 9 | 10-12 || total
-------------------------+-------+-------+-------+-------++-------
Melee: War axe           |    97 |   241 |   372 |       ||   710
       Battleaxe         |       |       |    19 |   174 ||   193
       Unarmed           |       |       |       |     3 ||     3
  Use: Scroll            |       |     7 |     3 |     9 ||    19
       Potion            |       |     3 |     1 |     3 ||     7
  Eat: Chunk             |       |     7 |     8 |     3 ||    18
       Ration            |       |       |     1 |     2 ||     3
Armor: Scale mail        |    75 |   146 |    49 |       ||   270
       Chain mail        |       |       |   217 |    14 ||   231
       Plate armour      |       |       |       |   207 ||   207
Dodge: Dodged            |    35 |    74 |    84 |    90 ||   283
Block: Shield            |    67 |   150 |   183 |       ||   400

Table legend:
 A = Non-vault XP
 B = Vault XP
 C = Vault XP percentage of total XP
 D = Non-vault monster count
 E = Vault monster count
 F = Vault count percentage of total count
                 A         B        C        D         E       F
            +---------+---------+-------+---------+---------+-------
      Total |    7976 |    4436 |  35.7 |     173 |      64 |  27.0
            +---------+---------+-------+---------+---------+-------
        D:1 |      34 |       0 |   0.0 |      21 |       0 |   0.0
        D:2 |      65 |      37 |  36.3 |      27 |       1 |   3.6
        D:3 |     176 |      39 |  18.1 |      28 |       1 |   3.4
        D:4 |     648 |      33 |   4.8 |      23 |      11 |  32.4
        D:5 |     576 |     192 |  25.0 |      13 |       4 |  23.5
        D:6 |     915 |     872 |  48.8 |      12 |       3 |  20.0
        D:7 |    1107 |       0 |   0.0 |      15 |       0 |   0.0
        D:8 |    1192 |     643 |  35.0 |      15 |      25 |  62.5
        D:9 |    1197 |    2620 |  68.6 |       9 |      19 |  67.9
       D:10 |     465 |       0 |   0.0 |       4 |       0 |   0.0
    Abyss:1 |    1601 |       0 |   0.0 |       6 |       0 |   0.0
            +---------+---------+-------+---------+---------+-------
